 Dungeon Crawl Stone Soup version 0.30.1-3-gfc49f6343a (webtiles) character file.

Game seed: 3594895209702328932

655 croobank the Cutter (level 7, -14/50 HPs)
             Began as an Octopode Monk on July 20, 2023.
             Demolished by an iguana (31 damage)
             ... on level 4 of the Dungeon.
             The game lasted 00:14:14 (4293 turns).

croobank the Cutter (Octopode Monk)                 Turns: 4293, Time: 00:14:14

Health: -14/50     AC:  1    Str: 10    XL:     7   Next: 54%
Magic:  8/8        EV:  2    Int: 15    God:
Gold:   119        SH:  0    Dex: 14    Spells: 8/8 levels left

rFire   . . .        p - +3 dagger (venom)
rCold   . . .        (no shield)
rNeg    + . .        (helmet restricted)
rPois   .            r - amulet of the acrobat
rElec   .            q - ring of positive energy
rCorr   .            (no ring)
SInv    .            (no ring)
Will    .....        (no ring)
Stlth   ++           (no ring)
HPRegen 0.28/turn    (no ring)
MPRegen 0.11/turn    (no ring)
                     (no ring)

%: acrobat
@: sleeping
A: almost no armour, amphibious, 8 rings, camouflage 1, gelatinous body 1,
(nimble swimmer 1), tentacles
a: no special abilities


You were on level 4 of the Dungeon.
You visited 1 branch of the dungeon, and saw 5 of its levels.

You collected 254 gold pieces.
You spent 135 gold pieces at shops.

Inventory:

Hand Weapons
 a - a +1 short sword
 b - a +0 sling
 d - a +0 trident
 f - a +0 dagger
 i - a +0 flail
 p - a +3 dagger of venom (weapon)
 s - a +3 falchion of electrocution
 t - a +1 halberd of holy wrath
 z - a +1 spear of venom
Missiles
 h - 3 poisoned darts (quivered)
 y - 2 throwing nets
Armour
 c - an orb of light
Magical Staves
 u - a staff of conjuration
 C - a staff of air
Jewellery
 q - a ring of positive energy (left tentacle)
 r - an amulet of the acrobat (around mantle)
 v - a ring of ice
Wands
 n - a wand of paralysis (13)
 w - a wand of quicksilver (6)
Scrolls
 j - 4 scrolls of fear
 D - a scroll of immolation
Potions
 e - a potion of haste
 g - a potion of heal wounds
 k - a potion of attraction
 l - a potion of ambrosia
 m - a potion of curing
 o - a potion of resistance
 A - a potion of might {unknown}
 B - a potion of flight {unknown}


   Skills:
 + Level 5.3 Fighting
 + Level 5.3 Short Blades
 + Level 5.2 Dodging
 * Level 1.1 Spellcasting
 * Level 1.2 Ice Magic


You had 8 spell levels left.
You didn't know any spells.
Your spell library contained the following spells:

 Spells                   Type           Power      Damage    Failure   Level
 Frozen Ramparts          Ice            8%         1d2       41%         3
 Ignite Poison            Fire/Tmut/Pois 0%         N/A       58%         3
 Ice Form                 Ice/Tmut       2%         N/A       88%         4
 Summon Ice Beast         Ice/Summ       2%         N/A       88%         4
 Sticky Flame             Conj/Fire      0%         2d3       94%         4
 Ignition                 Fire           0%         3d3       100%        8
 Chain Lightning          Conj/Air       0%         N/A       100%        9
 Fire Storm               Conj/Fire      0%         5d1       100%        9
 Shatter                  Erth           0%         3d5*      100%        9


Dungeon Overview and Level Annotations

Branches:
Dungeon (5/15)
 Temple: D:4-7

Altars:
Ashenzari

Shops:
D:2 ?   D:4 *


Innate Abilities, Weirdness & Mutations

You cannot wear most types of armour.
You are amphibious.
You can wear up to eight rings at the same time.
Your skin changes colour to match your surroundings (Stealth+).
Your rubbery body absorbs attacks. (AC +1, EV +1)
((You are camouflaged when in or above water. (Stealth+)))
You have tentacles for arms and can constrict up to eight enemies at once.


Message History

You constrict the sleepcap. The iguana closely misses you.
The sleepcap releases spores at you!
You are engulfed in a cloud of soporific spores!
You fall asleep.
You lose your grip on the sleepcap.
The iguana bites you.
You wake up.
The sleepcap releases spores at you but does no damage.
You hit the sleepcap. You grab the sleepcap. You squeeze the sleepcap.
The sleepcap is moderately damaged.
You constrict the sleepcap, but do no damage.
You hit the sleepcap.
The sleepcap is poisoned.
You squeeze the sleepcap.
The sleepcap is heavily damaged.
You constrict the sleepcap. The iguana misses you.
The sleepcap closely misses you.
You hit the sleepcap.
The sleepcap is severely damaged.
You constrict the sleepcap. The iguana bites you!
* * * LOW HITPOINT WARNING * * *
The sleepcap barely misses you.
You completely miss the sleepcap.
You tentacle-slap the sleepcap, but do no damage.
The sleepcap is severely damaged.
You constrict the sleepcap, but do no damage.
The iguana closely misses you. The sleepcap closely misses you.
You hit the sleepcap but do no damage.
The sleepcap is severely damaged.
You constrict the sleepcap.
You feel much better.
You constrict the sleepcap. The iguana bites you!
The sleepcap closely misses you.
You hit the sleepcap but do no damage.
The sleepcap is almost destroyed.
You constrict the sleepcap. The iguana bites you!
The sleepcap releases spores at you.
You are engulfed in a cloud of soporific spores!
You fall asleep.
You lose your grip on the sleepcap.
You destroy the sleepcap!
The iguana bites you!!
Ouch! That really hurt!
You die...

#########....###.#.#
#.......##
#.....##.#.#
###......#
#...(.##.#.#
########
#.....##.#.# #####
#........#.# ....#
#....##..#.#
....#####....##..#.#
........'......#l#.#
....##.##.....##@).#
.#<....##.....######
.#####.######.# รท#
#.# #.# .#####.# #.#
.......# #.#
######## #.# #.# ##
#.#


You could see an iguana.

Vanquished Creatures
  A water moccasin (D:5)
  A gnoll bouda (D:4)
  An orc priest (D:3)
  2 sleepcaps (D:4)
  Natasha (thrice) (D:3)
  3 iguanas (D:4)
  15 gnolls
  6 adders
  A worm (D:4)
  2 dart slugs
  7 orcs
  A bat (D:3)
  11 endoplasms
  5 giant cockroaches
  8 goblins
  7 hobgoblins
  7 quokkas
  12 ball pythons
  5 frilled lizards
  6 kobolds
  6 rats
110 creatures vanquished.

Notes
Turn   | Place    | Note
-------+----------+-------------------------------------------
     0 | D:1      | croobank the Octopode Monk began the quest for the Orb.
     0 | D:1      | Reached XP level 1. HP: 16/16 MP: 1/1
    91 | D:1      | Reached XP level 2. HP: 18/21 MP: 2/2
   475 | D:1      | Reached XP level 3. HP: 11/26 MP: 3/3
  1033 | D:2      | Reached XP level 4. HP: 32/33 MP: 4/4
  1239 | D:2      | Found Ocheowk's Magic Scroll Emporium.
  1242 | D:2      | Bought a scroll of identify for 22 gold pieces
  1242 | D:2      | Bought a scroll of identify for 22 gold pieces
  1242 | D:2      | Bought a scroll of identify for 22 gold pieces
  1251 | D:2      | Found a broken altar of Ashenzari.
  1647 | D:3      | Noticed Natasha
  1652 | D:3      | Killed Natasha
  1705 | D:3      | Noticed Natasha
  1711 | D:3      | Killed Natasha
  1712 | D:3      | Reached XP level 5. HP: 29/37 MP: 5/5
  2423 | D:4      | Reached XP level 6. HP: 33/44 MP: 6/6
  2619 | D:4      | Found Osusigh's Assorted Antiques.
  2626 | D:4      | Bought a scroll labelled KOH OLOKKAIGO for 23 gold pieces
  2626 | D:4      | Bought a scroll labelled WUTIRA CEAGAUJAE for 23 gold
                  | pieces
  2626 | D:4      | Bought a scroll labelled CACYISICOPS for 23 gold pieces
  3061 | D:4      | Reached skill level 5 in Short Blades
  3062 | D:4      | Reached skill level 5 in Fighting
  3062 | D:4      | Reached XP level 7. HP: 44/50 MP: 7/7
  3252 | D:3      | Noticed Natasha
  3254 | D:3      | Reached skill level 5 in Dodging
  3259 | D:3      | Killed Natasha
  4158 | D:5      | Entered Level 5 of the Dungeon
  4163 | D:5      | Reached skill level 1 in Spellcasting
  4163 | D:5      | Reached skill level 1 in Ice Magic
  4293 | D:4      | Demolished by an iguana

Illustrated notes

Levels and vault maps discovered:
D:1:      dpeg_arrival_stonehenge_8_columns, layout_loops_ring,
          minmay_pentomino_w4
D:2:      layout_rooms, basic_altar, serial_shops, nicolae_shop_behind_doors,
          kennysheep_generic_room_15
D:3:      cheibrodos_helix_gallery, layout_loops_cross, minmay_misc_feat_cross,
          nicolae_concentric_dashed_squares_wild,
          nicolae_kite_square_tiling_tiny, uniq_natasha
D:4:      layout_basic, serial_shops, nicolae_shop_getting_attention
D:5:      layout_rooms, serial_shops, shop

Skill      XL: |  1  2  3  4  5  6  7 |
---------------+----------------------+-----
Short Blades   | 4 5 |  5.3
Fighting       | 4 5 |  5.3
Dodging        | 4 5 |  5.2
Spellcasting   | 1 |  1.1
Ice Magic      | 1 |  1.2

Action                     |  1- 3 |  4- 6 |  7- 9 || total
---------------------------+-------+-------+-------++-------
  Melee: Short sword       |    84 |    42 |       ||   126
         Constrict         |    19 |    31 |    14 ||    64
         Tentacles         |    19 |    31 |    13 ||    63
         Falchion          |       |    59 |    32 ||    91
         Dagger            |       |    11 |    17 ||    28
         Punch             |       |     1 |     1 ||     2
   Fire: Sling             |       |    19 |       ||    19
    Use: Scroll            |       |     8 |     6 ||    14
         Potion            |       |     1 |     1 ||     2
   Stab: Sleeping          |     4 |     1 |     3 ||     8
 Armour: Skin              |     1 |     6 |     3 ||    10
  Dodge: Dodged            |    43 |    77 |    32 ||   152
